 Dungeon Crawl Stone Soup version 0.31-a0-7-g51783674b7 (webtiles) character file.

Game seed: 18115456797675831693

902 Dittersdorf the Covered (level 8, -3/51 HPs)
             Began as a Gargoyle Fighter on May 5, 2023.
             Shot with an arrow by a centaur (8 damage)
             ... on level 5 of the Dungeon.
             The game lasted 00:04:45 (4071 turns).

Dittersdorf the Covered (Gargoyle Fighter)          Turns: 4071, Time: 00:04:46

Health: -3/51      AC: 18    Str: 23    XL:     8   Next: 7%
Magic:  8/8        EV:  8    Int:  8    God:
Gold:   191        SH:  5    Dex:  9    Spells: 5/7 levels left

rFire   . . .        a - +0 flail (freeze)
rCold   . . .        c - +0 buckler
rNeg    + . .        i - +1 chain mail
rPois   ∞            (no helmet)
rElec   +            v - +0 cloak
rCorr   .            (no gloves)
SInv    .            (no boots)
Will    .....        (no amulet) Stlth
                     (no ring)
HPRegen 0.28/turn    (no ring)
MPRegen 0.11/turn

%: no passive effects
@: no status effects
A: sickness immunity, AC +5, negative energy resistance 1, electricity
resistance, torment resistance 1, petrification resistance
a: no special abilities


You were on level 5 of the Dungeon.
You visited 1 branch of the dungeon, and saw 6 of its levels.

You collected 191 gold pieces.

Inventory:

Hand Weapons
 a - a +0 flail of freezing (weapon)
Missiles
 n - 11 poisoned darts (quivered)
Armour
 c - a +0 buckler (worn)
 i - a +1 chain mail (worn)
 l - a +0 plate armour
 v - a +0 cloak (worn)
Wands
 q - a wand of flame (23)
 s - a wand of digging (4)
Scrolls
 b - a scroll of enchant armour
 f - a scroll of brand weapon
 k - a scroll of teleportation
 o - 3 scrolls of identify
 p - a scroll of silence {unknown}
 u - a scroll of immolation {unknown}
Potions
 d - 2 potions of might
 e - 2 potions of attraction {unknown}
 g - a potion of flight
 h - 2 potions of cancellation {unknown}
 j - 2 potions of haste {unknown}
 m - a potion of mutation
 r - a potion of degeneration {unknown}
 t - a potion of ambrosia


   Skills:
 + Level 5.8 Fighting
 + Level 4.7 Maces & Flails
 + Level 5.9 Armour
 + Level 5.9 Shields


You had 5 spell levels left.
You knew the following spells:

 Your Spells              Type           Power      Damage    Failure   Level
a - Passwall              Tmut/Erth      0%         N/A       99%         2

Your spell library contained the following spells:

 Spells                   Type           Power      Damage    Failure   Level
 Ensorcelled Hibernation  Hex/Ice        0%         N/A       99%         2
 Poisonous Vapours        Pois/Air       0%         N/A       99%         2
 Mephitic Cloud           Conj/Pois/Air  0%         N/A       100%        3
 Summon Guardian Golem    Hex/Summ       0%         N/A       100%        3
 Swiftness                Air            0%         N/A       100%        3
 Anguish                  Hex/Necr       0%         N/A       100%        4
 Freezing Cloud           Conj/Ice/Air   0%         6-21      100%        5
 Enfeeble                 Hex            0%         N/A       100%        7
 Orb of Destruction       Conj           0%         9d5       100%        7
 Spellforged Servitor     Conj/Summ      0%         N/A       100%        7


Dungeon Overview and Level Annotations

Branches:
Dungeon (6/15)
 Temple: D:4-7

Altars:

Shops:
D:1 :[   D:2 =

Annotations:
D:3 3 runed translucent doors, Rudyous's ghost, amateur DsEn


Innate Abilities, Weirdness & Mutations

You are immune to sickness and miasma.
Your stone body is resilient. (AC +5)
You are immune to poison.
You resist negative energy. (rN+)
You are resistant to electric shocks. (rElec)
You are resistant to unholy torment.
You are immune to petrification.


Message History

The centaur shoots an arrow.
The arrow closely misses you.
You hit the bush. You freeze the bush.
The bush is heavily damaged.
The centaur shoots an arrow.
The arrow hits you but does no damage.
The centaur shoots an arrow.
The arrow hits you.
You hit the bush but do no damage.
The bush is heavily damaged.
The centaur unwields a +0 shortbow.
The centaur hits the bush.
The centaur kicks the bush but does no damage.
The centaur wields a +0 shortbow.
The centaur shoots an arrow.
The arrow hits you but does no damage.
You sock the bush! You freeze the bush.
The bush is severely damaged.
The centaur shoots an arrow.
The arrow hits you!
You hit the bush. You freeze the bush.
The bush is severely damaged.
The centaur shoots an arrow.
The arrow hits you but does no damage.
The centaur shoots an arrow.
The arrow hits you but does no damage.
You sock the bush! You freeze the bush.
The bush is almost destroyed.
The centaur shoots an arrow.
The arrow closely misses you.
The centaur shoots an arrow.
The arrow hits you.
You hit the bush but do no damage.
The bush is almost destroyed.
The centaur shoots an arrow.
The arrow hits you but does no damage.
The centaur shoots an arrow.
The arrow hits you.
* * * LOW HITPOINT WARNING * * *
You hit the bush. You freeze the bush.
The bush is almost destroyed.
The centaur shoots an arrow.
The arrow hits you.
* * * LOW HITPOINT WARNING * * *
You sock the bush! You freeze the bush.
You destroy the bush!
The centaur shoots an arrow.
The arrow hits you.
* * * LOW HITPOINT WARNING * * *
The centaur shoots an arrow.
The arrow hits you.
* * * LOW HITPOINT WARNING * * *
The centaur shoots an arrow.
The arrow hits you but does no damage.
The centaur shoots an arrow.
The arrow hits you!
You die...

#.# #.# # #######.###.####
##.(.............
#########...###..........
.........).## #..........
.........#.## #..........
.....(...#..###.....[.#+#
#######.##...##.####.[#.#
#..@....##.# #..[#..
#..##...##.###..####
###>.###c#.....#.....†
#......#.###.#.#......
#......#[###.#.#.#....
#......#.#...#.#.#.... ..
#......≈.≈...#.#.#.... .?##
#......≈≈≈...#.#.#....
....###............#.#.#....


You could see a centaur.

Vanquished Creatures
  An orc warrior (D:3)
  2 ogres
  A phantom (D:5)
  2 scorpions
  2 hounds (D:4)
  2 jellies (D:4)
  A sleepcap (D:5)
  Terence (D:2)
  4 iguanas
  6 adders
  A white imp (D:5)
  An ufetubus (D:5)
  2 worms (D:4)
  3 dart slugs
  6 orcs
  11 ball pythons
  6 endoplasms
  14 giant cockroaches
  9 hobgoblins
  3 jackals (D:2)
  7 kobolds
  2 quokkas (D:1)
  6 bats
  4 frilled lizards
  4 goblins
  5 rats (D:1)
  A bush (D:5)
107 creatures vanquished.

Vanquished Creatures (others)
  36 plants (D:3)
36 creatures vanquished.

Grand Total: 143 creatures vanquished

Notes
Turn   | Place    | Note
-------+----------+-------------------------------------------
     0 | D:1      | Dittersdorf the Gargoyle Fighter began the quest for the
                  | Orb.
     0 | D:1      | Reached XP level 1. HP: 14/14 MP: 1/1
    60 | D:1      | Found Tebli's Armour Shoppe.
    60 | D:1      | Noticed an animated shadow dragon scales
    60 | D:1      | Noticed an animated gold dragon scales
    91 | D:1      | Found Laakk's Book Shoppe.
   164 | D:1      | Reached XP level 2. HP: 12/19 MP: 2/2
   367 | D:1      | Reached XP level 3. HP: 21/23 MP: 3/3
   708 | D:2      | Noticed Terence
   782 | D:2      | Found Vuluteri's Jewellery Boutique.
   913 | D:2      | Found a faded altar of an unknown god.
  1080 | D:2      | Reached XP level 4. HP: 29/29 MP: 4/4
  1206 | D:2      | Killed Terence
  1363 | D:2      | Learned a level 2 spell: Passwall
  1559 | D:3      | Found a runed translucent gate.
  1559 | D:3      | Found a runed translucent gate.
  1559 | D:3      | Found a runed translucent gate.
  1598 | D:3      | Noticed Rudyous's ghost (amateur DsEn)
  1977 | D:3      | Reached XP level 5. HP: 33/33 MP: 5/5
  2394 | D:4      | Noticed an orc warrior
  2520 | D:3      | Killed an orc warrior
  2615 | D:4      | Reached XP level 6. HP: 39/39 MP: 6/6
  2775 | D:4      | You fall into a shaft and drop 2 floors!
  2829 | D:5      | Entered Level 5 of the Dungeon
  2839 | D:5      | Reached skill level 5 in Fighting
  2839 | D:5      | Reached skill level 5 in Armour
  2839 | D:5      | Reached skill level 5 in Shields
  2839 | D:5      | Reached XP level 7. HP: 44/44 MP: 7/7
  2896 | D:5      | Identified the +1 dagger of Seohuwet {heavy, Contam rC+
                  | Int+7 SInv}
  3844 | D:4      | Reached XP level 8. HP: 9/51 MP: 8/8
  4071 | D:5      | Shot with an arrow by a centaur

Illustrated notes

Levels and vault maps discovered:
D:1:      minmay_arrival_checkered_box, layout_rooms, serial_shops,
          nicolae_shop_mannequins, shop, minmay_misc_feat_x, nrook_campfire,
          minmay_hedge_maze
D:2:      minmay_roachtagon, layout_basic, ebering_ecumenical_altar_sacrificial,
          serial_shops, nicolae_shop_gaudy_bauble, minmay_misc_feat_cross,
          uniq_terence
D:3:      layout_loops_ring, gammafunk_ghost_icy, serial_bayou_lagoon_a,
          chequers_serial_rivers_small_3, serial_park_tiny_1,
          minmay_misc_feat_room
D:4:      layout_loops_ring
D:5:      layout_basic, kb_lookout_dungeons_type, nicolae_figureground_pulse
D:6:      layout_basic, chequers_temple_overflow_minitemple,
          minmay_temple_entry_poolview

Skill      XL: |  1  2  3  4  5  6 |
---------------+-------------------+-----
Fighting       | 4 5 |  5.8
Armour         | 4 5 |  5.9
Shields        | 4 5 |  5.9
Maces & Flails | 3 4 |  4.7

Action                     |  1- 3 |  4- 6 |  7- 9 || total
---------------------------+-------+-------+-------++-------
  Melee: Flail             |   147 |   136 |   108 ||   391
    Use: Scroll            |       |    10 |     2 ||    12
 Armour: Scale mail        |    48 |       |       ||    48
         Chain mail        |    87 |    95 |    82 ||   264
  Dodge: Dodged            |    90 |    58 |    43 ||   191
  Block: Buckler           |    42 |    36 |    28 ||   106

Table legend: (Time is in decaauts)
 A = Elapsed time spent in this place.
 B = Non-inter-level travel time spent in this place.
 C = Inter-level travel time spent in this place.
 D = Time resting spent in this place.
 E = Time spent auto-exploring this place.
 F = Levels seen in this place.
 G = Mean time per level.
                   A        B        C        D        E       F      G
               +--------+--------+--------+--------+--------+-----+--------+
         Total |   4189 |   4034 |    155 |    428 |   2632 |   6 |  698.2 |
       Dungeon |   4189 |   4034 |    155 |    428 |   2632 |   6 |  698.2 |
               +--------+--------+--------+--------+--------+-----+--------+

Top non-repeatable levels by time:
     D:3: 1018 daAuts
     D:4: 959 daAuts
     D:2: 845 daAuts
     D:1: 735 daAuts
     D:5: 576 daAuts
     D:6: 54 daAuts
